 Dungeon Crawl Stone Soup version 0.27-a0-1245-g940ed4fa31 (webtiles) character file.

Game seed: 1118010134070500875

64 freelancePsychic the Insei (level 3, -4/24 HPs)
             Began as a Demonspawn Transmuter on June 10, 2021.
             Was a Follower of Hepliaklqana.
             Slain by a gnoll
             ... wielding a +0 club
              (7 damage)
             ... on level 3 of the Dungeon.
             The game lasted 00:03:49 (2945 turns).

freelancePsychic the Insei (Demonspawn Transmuter)  Turns: 2945, Time: 00:03:50

Health: -4/24      AC:  2    Str: 11    XL:     3   Next: 91%
Magic:  6/6        EV: 12    Int: 14    God:    Hepliaklqana [*.....]
Gold:   53         SH:  0    Dex: 13    Spells: 3/6 levels left

rFire    . . .     SeeInvis .     - Unarmed
rCold    . . .     Faith    .   (no shield)
rNeg     . . .     Spirit   .   a - +0 robe
rPois    .         Reflect  .   (no helmet)
rElec    .         Harm     .   (no cloak)
rCorr    .         Rampage  .   (no gloves)
Will     .....                  (no boots)
Stlth    +.........             (no amulet)
HPRegen  0.08/turn              (no ring)
MPRegen  0.10/turn              (no ring)

@: no status effects
A: reduced essence, powered by death 1
a: Renounce Religion, Recall Ancestor, Ancestor Identity


You were on level 3 of the Dungeon.
You worshipped Hepliaklqana.
Hepliaklqana was aware of your devotion.
You visited 1 branch of the dungeon, and saw 3 of its levels.

You collected 53 gold pieces.

Inventory:

Missiles
 c - 5 silver javelins
Armour
 a - a +0 robe (worn)
Scrolls
 e - 2 scrolls of magic mapping {unknown}
 f - a scroll of vulnerability {unknown}
 j - a scroll of immolation {unknown}
Potions
 b - a potion of might {unknown}
 d - 2 potions of degeneration {unknown}
 g - a potion of haste {unknown}
 h - a potion of lignification {unknown}
 i - a potion of invisibility {unknown}


   Skills:
 + Level 2.0 Fighting
 + Level 2.4 Dodging
 * Level 3.6 Unarmed Combat
 - Level 2.0 Spellcasting
 - Level 1.7 Transmutations


You had 3 spell levels left.
You knew the following spells:

 Your Spells              Type           Power      Damage    Failure   Level
a - Beastly Appendage     Tmut           12%        N/A       12%         1
b - Wereblood             Tmut           6%         N/A       17%         2

Your spell library contained the following spells:

 Spells                   Type           Power      Damage    Failure   Level
 Spider Form              Tmut/Pois      1%         N/A       45%         3
 Confusing Touch          Hex            1%         N/A       56%         3
 Gell's Gravitas          Tloc           0%         N/A       56%         3
 Ice Form                 Ice/Tmut       3%         N/A       86%         4
 Petrify                  Tmut/Erth      3%         N/A       86%         4
 Yara's Violent Unravell  Hex/Tmut       1%         3d3       99%         5
 Metabolic Englaciation   Hex/Ice        0%         N/A       100%        5


Dungeon Overview and Level Annotations

Branches:
Dungeon (3/15)

Altars:
Hepliaklqana

Shops:
D:1 *


Innate Abilities, Weirdness & Mutations

Your life essence is reduced to manifest your ancestor. (-10% HP)
You regenerate a little health from kills.


Message History

A gnoll comes into view. It is wielding a +0 club.
You barely miss the bat.
The bat is severely wounded.
The bat hits you. The bat hits you but does no damage.
The bat barely misses Thulani.
Thulani hits the bat.
The bat dies!
You hit the gnoll.
The gnoll is heavily wounded.
The gnoll closely misses you.
You closely miss the gnoll.
The gnoll is heavily wounded.
A gnoll comes into view. It is wielding a +0 spear.
The gnoll barely misses you.
Thulani hits the gnoll but does no damage.
You hit the gnoll.
The gnoll is heavily wounded.
The gnoll hits you with a +0 flail!
Thulani hits the gnoll.
You are too injured to fight recklessly!
You are too injured to fight recklessly!
You are too injured to fight recklessly!
You are too injured to fight recklessly!
You are too injured to fight recklessly!
You are too injured to fight recklessly!
You are too injured to fight recklessly!
The hobgoblin hits Thulani.
The gnoll barely misses you.
Thulani closely misses the hobgoblin.
A gnoll comes into view. It is wielding a +0 club.
The gnoll hits you with a +0 club.
Thulani hits the hobgoblin.
The hobgoblin closely misses Thulani.
Thulani hits the hobgoblin.
The hobgoblin hits Thulani.
Thulani barely misses the hobgoblin.
The hobgoblin hits Thulani but does no damage.
Thulani closely misses the hobgoblin.
The hobgoblin misses Thulani.
Thulani hits the hobgoblin.
The hobgoblin dies!
The gnoll hits you with a +0 club!
* * * LOW HITPOINT WARNING * * *
The gnoll closely misses you. The gnoll barely misses you.
The gnoll hits you with a +0 club!
You die...

#.......... #.....>...
#......... $... #........
#...# #.......####+####...#
..##
#.......##......#...#......
#.......##......#...#......
#.....<...@gg...#...#.....
#........##.g....#...#... .
#.#..........g...?...#.#
#..
##..#............?...#....
.....+...........R...†.....
######.........?...........
...............†.......
##........####.........#
#......... #.........#


You could see the friendly Thulani the ancestor and 4 gnolls.

Vanquished Creatures
  An adder (D:2)
  A worm (D:2)
  3 dart slugs (D:1)
  A ball python (D:2)
  4 bats (D:1)
  2 endoplasms (D:1)
  4 goblins (D:1)
  5 hobgoblins
  2 jackals (D:2)
  3 kobolds (D:1)
  3 quokkas
  6 frilled lizards
  4 rats
39 creatures vanquished.

Vanquished Creatures (collateral kills)
  An endoplasm (D:3)
  A goblin (D:2)
  A hobgoblin (D:3)
  A bat (D:3)
4 creatures vanquished.

Vanquished Creatures (others)
  An ancestor (D:2)
1 creature vanquished.

Grand Total: 44 creatures vanquished

Notes
Turn   | Place    | Note
-------+----------+-------------------------------------------
     0 | D:1      | freelancePsychic the Demonspawn Transmuter began the quest
                  | for the Orb.
     0 | D:1      | Reached XP level 1. HP: 15/15 MP: 3/3
   367 | D:1      | Reached skill level 3 in Unarmed Combat
   462 | D:1      | Gained mutation: You regenerate a little health from kills.
                  | [demonic ancestry]
   462 | D:1      | Reached XP level 2. HP: 16/21 MP: 5/5
   687 | D:1      | Found Qorirratt's General Store.
  1119 | D:1      | Found a faded altar of an unknown god.
  1122 | D:1      | Became a worshipper of Hepliaklqana the Forgotten
  1122 | D:1      | Reached * piety under Hepliaklqana
  1243 | D:1      | Reached XP level 3. HP: 18/24 MP: 6/6
  2569 | D:2      | Learned a level 2 spell: Wereblood
  2945 | D:3      | Slain by a gnoll

Illustrated notes

Levels and vault maps discovered:
D:1:      matt_arrival_grand_opening, layout_basic,
          shapermc_ecumenical_altar_mp_vishouse, serial_forest,
          infiniplex_forest_straight_3, infiniplex_forest_end_2,
          infiniplex_forest_end_2, infiniplex_forest_lined_ring,
          infiniplex_forest_clump_long, infiniplex_forest_end_2,
          infiniplex_forest_lined_corner, infiniplex_forest_split, serial_shops,
          shop
D:2:      layout_loops_ring, kennysheep_generic_room_15
D:3:      minmay_diamond_boxcup, layout_basic

Skill      XL: |  1  2  3 |
---------------+----------+-----
Dodging        | 2 |  2.4
Unarmed Combat | 3 |  3.6
Fighting       | 2 |  2.0
Spellcasting   | |  2.0
Transmutations | |  1.7

Action                   || total
-------------------------++-------
Melee: Unarmed           ||   174
       Punch             ||     2
       Kick              ||     4
       Headbutt          ||     3
 Cast: Beastly Appendage ||     5
       Wereblood         ||     1
Armor: Robe              ||    29
Dodge: Dodged            ||    96

Table legend: (Time is in decaauts)
 A = Elapsed time spent in this place.
 B = Non-inter-level travel time spent in this place.
 C = Inter-level travel time spent in this place.
 D = Time resting spent in this place.
 E = Time spent auto-exploring this place.
 F = Levels seen in this place.
 G = Mean time per level.
                   A        B        C        D        E       F      G
               +--------+--------+--------+--------+--------+-----+--------+
         Total |   2935 |   2818 |    117 |    616 |   1788 |   3 |  978.3 |
       Dungeon |   2935 |   2818 |    117 |    616 |   1788 |   3 |  978.3 |
               +--------+--------+--------+--------+--------+-----+--------+

Top non-repeatable levels by time:
     D:1: 2063 daAuts
     D:2: 837 daAuts
     D:3: 34 daAuts
